[Event "39th Citta Arco Open 2017"]
[Site "Arco"]
[Date "2017.10.09"]
[Round "3.5"]
[White "Lezzerini, Marco"]
[Black "Gaprindashvili, Valeriane"]
[Result "0-1"]
[ECO "E15"]
[WhiteElo "2142"]
[BlackElo "2352"]
[Annotator "NA"]
[PlyCount "78"]
[EventDate "2017.??.??"]
[EventType "swiss"]
[EventCountry "ITA"]
[SourceTitle "playchess.com"]
[Source "ChessBase"]
[SourceQuality "1"]
[TimeControl "40/5400+30:1800+30"]

1. d4 Nf6 2. c4 b6 3. Nf3 e6 4. g3 Ba6 5. Qc2 Bb7 6. Bg2 {[%emt 0:04:30] LiveBook: 532 Partien} c5 7. O-O cxd4 8. Nxd4 Bxg2 9. Kxg2 Qc8 10. Nd2 {[%emt 0:11:00] E15: Queen's Indian: 4 g3 sidelines, 4 g3 Ba6 and 4 g3 Bb7 early deviations} Nc6 11. N2f3 $146 ({Predecessor:} 11. Nxc6 Qxc6+ 12. Kg1 Rc8 13. Qd3 Be7 14. b3 d5 15. Bb2 dxc4 16. Nxc4 O-O 17. Rac1 Rfd8 18. Ne5 Qb7 19. Rxc8 Rxc8 20. Rc1 Rxc1+ 21. Bxc1 h6 22. Bb2 b5 23. a4 {½-½ (23) Paval,G (2229)-Filip,L (2490) Sarata Monteoru 2012}) 11... Nxd4 12. Nxd4 Bc5 13. Nb3 Qc6+ 14. Kg1 Rc8 15. Qd3 O-O 16. Bf4 d5 17. cxd5 Nxd5 18. Bd2 Be7 19. Nd4 Qc4 20. Qxc4 Rxc4 21. e3 Bf6 22. Rfc1 Rxc1+ 23. Rxc1 Bxd4 24. exd4 f6 25. Kf1 Kf7 26. Ke2 g5 27. h3 h5 28. a4 Ke7 29. Kd3 Kd7 30. Rc2 h4 31. gxh4 gxh4 32. f3 Rg8 33. Be1 Rg1 34. Ke2 Rg2+ 35. Kd3 Nf4+ 36. Kc3 Rg3 37. Rh2 Rxf3+ $19 38. Kc2 Rg3 39. Rh1 Ne2 0-1

[Event "39th Citta Arco Open 2017"]
[Site "Arco"]
[Date "2017.10.09"]
[Round "3.7"]
[White "Panjkovic, Aleksandar"]
[Black "Luciani, Carlo"]
[Result "1-0"]
[ECO "A24"]
[WhiteElo "2130"]
[BlackElo "2261"]
[Annotator "ChessBase"]
[PlyCount "89"]
[EventDate "2017.??.??"]
[EventType "swiss"]
[EventCountry "ITA"]
[SourceTitle "playchess.com"]
[Source "ChessBase"]
[SourceQuality "1"]
[TimeControl "40/5400+30:1800+30"]

1. c4 Nf6 2. g3 g6 3. Bg2 Bg7 4. Nc3 d6 5. e4 O-O 6. Nge2 e5 7. O-O Be6 8. d3 Qd7 9. Nd5 Ne8 10. Rb1 c6 11. Ne3 Bh3 12. b4 Bxg2 13. Kxg2 f5 14. exf5 gxf5 15. f4 Na6 16. Qb3 Kh8 17. Bb2 c5 18. a3 Nec7 19. b5 Nb8 20. Nc3 Ne6 21. Ne2 Nd4 22. Bxd4 cxd4 23. Nd5 b6 24. Ng1 Qb7 25. Qb4 Nd7 26. Qxd6 e4 27. Qc6 Rab8 28. Nh3 Nc5 29. dxe4 fxe4 30. f5 Rfc8 31. Qxb7 Rxb7 32. f6 Bf8 33. Rf4 d3 34. Rh4 Rd8 35. Ng5 Rxd5 36. cxd5 e3 37. Ne6 Rf7 38. Rd4 d2 39. Kf3 Bh6 40. Nf4 Bxf4 41. gxf4 Rxf6 42. Kxe3 Rh6 43. d6 Rh3+ 44. Kxd2 Rxh2+ 45. Ke3 1-0

[Event "39th Citta Arco Open 2017"]
[Site "Arco"]
[Date "2017.10.09"]
[Round "3.11"]
[White "Vezzosi, Paolo"]
[Black "Tocco, Paolo"]
[Result "1-0"]
[ECO "A10"]
[WhiteElo "2299"]
[BlackElo "2097"]
[Annotator "NA"]
[PlyCount "79"]
[EventDate "2017.??.??"]
[EventType "swiss"]
[EventCountry "ITA"]
[SourceTitle "playchess.com"]
[Source "ChessBase"]
[SourceQuality "1"]
[TimeControl "40/5400+30:1800+30"]

1. e4 b6 2. c4 Bb7 3. Nc3 e6 4. Nf3 Bb4 5. Bd3 {[%emt 0:00:30] LiveBook: 174 Partien} d6 {[%emt 0:04:30] A10: English Opening: Unusual Replies for Black} (5... Nf6 6. Qe2 d6 7. O-O O-O 8. Bc2 c5 9. Nd1 b5 10. a3 Ba5 11. cxb5 a6 12. bxa6 Bxa6 13. d3 Nc6 {0-1 (33) Rakhmanov,A (2662)-Dubov,D (2648) Sochi 2016}) 6. Qa4+ Nc6 7. Nd5 a5 8. O-O Qd7 $146 ({Predecessor:} 8... Nge7 9. a3 Bc5 10. Nc3 O-O 11. Qd1 Nd4 12. Nxd4 Bxd4 13. Ne2 {1-0 (28) Taborsky,R (2105)-Forman,S Prague 1995}) 9. Nxb4 axb4 10. Qd1 e5 11. Bc2 Nf6 12. d4 exd4 13. Nxd4 Nxd4 14. Qxd4 O-O 15. f3 Qe6 16. Bf4 Nd7 17. Rfc1 Ne5 18. Bb3 Qf6 19. Qd2 Nc6 20. Be3 Rfe8 21. Rc2 Ra5 22. Rd1 h5 23. Qe1 h4 24. h3 Ne5 25. Rf2 c5 26. Qd2 Ba6 27. Qd5 Qe6 28. Rc2 Qxd5 29. Rxd5 Re6 30. Bf4 f6 31. Bxe5 dxe5 32. Rd7 Kh7 33. Rcd2 Kh6 34. Rc7 g6 35. Kf2 f5 36. exf5 gxf5 37. Rd8 Kg5 38. Ke3 Rg6 $18 39. Rf8 f4+ 40. Ke4 1-0

[Event "39th Citta Arco Open 2017"]
[Site "Arco"]
[Date "2017.10.09"]
[Round "3.12"]
[White "Dittmar, Peter"]
[Black "Voelker, Sebastian"]
[Result "1-0"]
[ECO "B00"]
[WhiteElo "2266"]
[BlackElo "2018"]
[Annotator "NA"]
[PlyCount "33"]
[EventDate "2017.??.??"]
[EventType "swiss"]
[EventCountry "ITA"]
[SourceTitle "playchess.com"]
[Source "ChessBase"]
[SourceQuality "1"]
[TimeControl "40/5400+30:1800+30"]

1. e4 Nc6 2. d4 e5 3. dxe5 Nxe5 4. f4 Nc6 5. Nf3 Bc5 6. Bc4 Qe7 7. Nc3 Nf6 (7... d5 $14 8. Nxd5 (8. Qxd5 Be6 $17) (8. Bxd5 Nf6 $11) 8... Qxe4+ 9. Qe2 Qxe2+ 10. Kxe2 Bd6) 8. Qe2 O-O {[%emt 0:04:30] [#]} 9. e5 $16 Ne8 10. Nd5 Qd8 11. f5 Nd4 12. Nxd4 Bxd4 13. f6 c6 14. fxg7 Nxg7 15. Nf6+ Kh8 16. Qe4 Qa5+ 17. Kf1 1-0

[Event "39th Citta Arco Open 2017"]
[Site "Arco"]
[Date "2017.10.09"]
[Round "3.16"]
[White "Astengo, Corrado"]
[Black "Cluyts, Marc"]
[Result "1/2-1/2"]
[ECO "C56"]
[WhiteElo "2125"]
[BlackElo "1968"]
[Annotator "NA"]
[PlyCount "94"]
[EventDate "2017.??.??"]
[EventType "swiss"]
[EventCountry "ITA"]
[SourceTitle "playchess.com"]
[Source "ChessBase"]
[SourceQuality "1"]
[TimeControl "40/5400+30:1800+30"]

1. e4 e5 2. Nf3 Nc6 3. d4 exd4 4. Bc4 Nf6 5. e5 Ne4 6. O-O d5 7. Bb5 Bd7 8. Bxc6 bxc6 9. Nxd4 Bc5 10. Be3 O-O 11. f3 $11 {[%emt 0:00:30] LiveBook: 37 Partien} Ng5 12. f4 Ne4 13. Nd2 Nxd2 14. Qxd2 Bb6 15. Nb3 Qe7 16. a4 a5 17. Qf2 Rab8 18. Bc5 Bxc5 19. Qxc5 Qxc5+ 20. Nxc5 Bf5 21. b3 Rfd8 22. Rf2 d4 23. Rd1 Rd5 24. Nd3 Bxd3 25. Rxd3 h5 26. Rfd2 c5 27. Kf2 g6 28. Kf3 c6 29. Ke4 Re8 30. Rg3 h4 31. Rg5 Kg7 32. Kd3 f6 33. exf6+ Kxf6 34. Rf2 Re3+ 35. Kd2 Rxg5 36. fxg5+ Kxg5 37. Rf7 Kg4 38. Rf6 g5 39. Rxc6 Rc3 40. Ra6 h3 41. gxh3+ Kxh3 42. Rh6+ Kg4 43. Rc6 Kh3 44. Rh6+ Kg4 45. Rc6 Kh3 46. Rh6+ Kg4 47. Rc6 Kh3 1/2-1/2

[Event "39th Citta Arco Open 2017"]
[Site "Arco"]
[Date "2017.10.09"]
[Round "3.17"]
[White "Tonina, Filippo"]
[Black "Pedersen, Henrik Bolding"]
[Result "1/2-1/2"]
[ECO "D35"]
[WhiteElo "2021"]
[BlackElo "2125"]
[Annotator "NA"]
[PlyCount "30"]
[EventDate "2017.??.??"]
[EventType "swiss"]
[EventCountry "ITA"]
[SourceTitle "playchess.com"]
[Source "ChessBase"]
[SourceQuality "1"]
[TimeControl "40/5400+30:1800+30"]

1. c4 e6 2. Nc3 d5 3. d4 Nf6 4. cxd5 exd5 5. Bg5 c6 6. e3 Qb6 7. Qc2 Ne4 8. Bf4 Bf5 9. Bd3 Na6 10. a3 Qa5 11. Rc1 Nxc3 12. Qxc3 Qxc3+ 13. Rxc3 Bxd3 14. Rxd3 Kd7 15. Nf3 f6 1/2-1/2